AoeStats
← Barón de la Cerveza

Hideout

509992709Analyzed
1v1 RM · 4d ago on Sep 29, 2026· 60m 31s· 2 players
Game mode
Random Map
Map size
Tiny (2 player)
Population
200
Speed
Normal
Resources
Standard
Victory
Conquest
Starting age
Dark Age
Ending age
Imperial Age
RankedLock teamsTeams togetherTeam positionsShared explorationLock speedFull tech treeHidden civsTurbo modeCheats
Victory
Defeat
🇲🇽 Danes · Mexico
1836
+13
🇨🇿 Mongols · Czechia
1772
-13
maxymczech
4:12 Loom
8:53 Feudal Age
9:28 Double-Bit Axe
9:54 Town Watch
17:32 Wheelbarrow
17:26 Fletching
22:18 Castle Age
20:50 Padded Archer Armor
23:14 Bodkin Arrow
30:06 Leather Archer Armor
30:38 Ballistics
30:31 Horse Collar
33:19 Heavy Plow
33:35 Bow Saw
37:44 Imperial Age
38:26 Bracer
39:29 Chemistry
38:43 Guard Tower
39:07 Fortified Wall
39:42 Thumb Ring
40:09 Light Cavalry
41:01 Bloodlines
40:51 Husbandry
42:10 Scale Barding Armor
42:15 Forging
42:10 Scale Barding Armor
42:56 Parthian Tactics
44:14 Forging
43:44 Capped Ram
46:50 Husbandry
47:23 Hussar
49:15 Masonry
51:03 Chain Barding Armor
55:32 Heavy Camel Rider
56:20 Elite Mangudai
Barón de la Cerveza
7:40 Loom
11:31 Feudal Age
16:01 Castle Age
14:02 Horse Collar
15:59 Double-Bit Axe
18:04 Light Cavalry
23:39 Bow Saw
24:11 Wheelbarrow
24:26 Bow Saw
27:35 Heavy Plow
27:39 Town Watch
29:14 Hand Cart
34:33 Imperial Age
33:52 Town Patrol
34:05 Fletching
34:29 Elite Skirmisher
35:09 Bodkin Arrow
36:10 Padded Archer Armor
36:13 Bracer
36:55 Ballistics
36:56 Padded Archer Armor
40:17 Chemistry
40:02 Elite Varangian Guard
40:43 Squires
41:22 Onager
42:29 Leather Archer Armor
42:18 Scale Mail Armor
43:08 Thumb Ring
44:50 Chain Mail Armor
44:45 Forging
45:07 Ring Archer Armor
45:38 Hoardings
47:43 Plate Mail Armor
47:48 Iron Casting
46:50 Capped Ram
47:57 Siege Onager
49:25 Husbandry
48:59 Siege Ram
55:32 Pikeman
Connection lost

Rejoining the realm…

Still unreachable

The connection could not be restored.

Session expired

The server has moved on; the page needs a fresh start.